 Dungeon Crawl Stone Soup version 0.21.1-1-g345015fe64 (webtiles) character file.

61 Gargoyl the Skirmisher (level 3, -2/31 HPs)
             Began as a Centaur Abyssal Knight on Apr 23, 2018.
             Was a Follower of Lugonu.
             Slain by Sigmund
             ... wielding a +0 scythe
              (11 damage)
             ... on level 2 of the Dungeon.
             The game lasted 00:03:59 (2268 turns).

Gargoyl the Skirmisher (Centaur Abyssal Knight)     Turns: 2268, Time: 00:04:00

Health: -2/31      AC:  8    Str: 17    XL:     3   Next: 83%
Magic:  5/5        EV:  5    Int: 13    God:    Lugonu [*.....]
Gold:   135        SH:  0    Dex:  9    Spells: 2/2 levels left

rFire    . . .     SeeInvis .   a - +1 hand axe
rCold    . . .     Gourm    .   (no shield)
rNeg     . . .     Faith    .   j - +0 chain mail
rPois    .         Spirit   .   (no helmet)
rElec    +         Reflect  .   (no cloak)
rCorr    .         Harm     .   (no gloves)
MR       .....                  (no barding)
Stlth    ..........             (no amulet)
HPRegen  0.10/turn              d - ring "Ziheduef" {rElec Str+3 Int+2 Stlth+}
MPRegen  0.09/turn              f - +1 ring of protection

@: confused, berserk cooldown, slowed
A: large, hooves 3, deformed body, speed 2, tough skin 3
a: Depart the Abyss, Renounce Religion


You were on level 2 of the Dungeon.
You worshipped Lugonu.
Lugonu was aware of your devotion.
You were not hungry.

You visited 1 branch of the dungeon, and saw 2 of its levels.
You visited the Abyss 1 time.

You collected 135 gold pieces.

Inventory:

Hand Weapons
 a - a +1 hand axe (weapon)
Armour
 j - a +0 chain mail (worn)
Jewellery
 d - the ring "Ziheduef" (left hand) {rElec Str+3 Int+2 Stlth+}
   (You found it on level 3 of the Abyss)

   [ring of intelligence]

   It affects your strength (+3).
   It affects your intelligence (+2).
   It insulates you from electricity.
   It makes you more stealthy.
 f - a +1 ring of protection (right hand)
Wands
 e - a wand of flame (21)
Scrolls
 h - 3 scrolls of teleportation
Potions
 g - a potion of flight {unknown}
 i - a potion of agility {unknown}
 k - a potion of curing
 l - 2 potions of berserk rage
Comestibles
 b - a chunk of flesh
 c - 4 rations


   Skills:
 + Level 3.5 Fighting
 + Level 2.1 Axes
 * Level 2.2 Armour
 + Level 0.7 Dodging
 * Level 2.6 Invocations


You had 2 spell levels left.
You didn't know any spells.

Dungeon Overview and Level Annotations

Branches:
Dungeon (2/15)

Altars:
Dithmenos

Annotations:
D:2 Sigmund


Innate Abilities, Weirdness & Mutations

You have hooves in place of feet.
Armour fits poorly on your strangely shaped body.
You cover ground very quickly.
You have extremely tough skin. (AC +3)


Message History

Something hits you but does no damage.
You feel your anger nearly subside.
You are no longer berserk.
You are exhausted.
You feel yourself slow down. Something hits you but does no damage.
You bump into the rock wall.
You hear some strange, mumbled words.
You are more confused.
You bump into the rock wall.
Something hits you.
You hit something. Your kick misses something.
Something hits you but does no damage. x2
Something hits you.
You bump into the rock wall.
You hear some strange, mumbled words.
A magic dart appears from out of thin air!
The magic dart hits you!
* * * LOW HITPOINT WARNING * * *
You bump into the rock wall.
Something hits you!
You die...

#####
....#####********###
.........,,,,,,,,..#
....##############.#
...................#
.....#####.........#
.....# #.#####...# .....#
#.#,,,#...# .....#
#.#.###@{.# ####.#
#.#.......#* #.#
#.#.###.#..#*** #.# #.#,*
#.......# #.# #.#,*
####.##.# #.# #.#,*
*.#*,# #.#
#.#,******.#*,* ####.#
#.#,,,,,,,.#*,*
...#.#####.#######****,**


There were no monsters in sight!

Vanquished Creatures
  A gnoll (D:1)
  2 adders (D:2)
  A worm (D:2)
  3 dart slugs (D:1)
  A leopard gecko (D:2)
  A ball python (D:2)
  A giant cockroach (D:2)
  4 goblins
  4 hobgoblins
  4 bats
  A kobold (D:2)
  2 rats (D:2)
25 creatures vanquished.

Notes
Turn   | Place    | Note
-------+----------+-------------------------------------------
     0 | Abyss:1  | Gargoyl the Centaur Abyssal Knight began the quest for the Orb.
     0 | Abyss:1  | Reached XP level 1. HP: 19/19 MP: 2/2
    10 | Abyss:1  | Found a corrupted altar of Lugonu.
    56 | Abyss:1  | Noticed a large abomination
    80 | Abyss:2  | Noticed a frost giant zombie
   102 | Abyss:3  | Got a pitted ivory ring
   103 | Abyss:3  | Identified the ring "Ziheduef" {rElec Str+3 Int+2 Stlth+} (You found it on level 3 of the Abyss)
   158 | Abyss:3  | Noticed an ancient zyme
   158 | Abyss:3  | Noticed a tentacled starspawn
   160 | D:1      | Escaped the Abyss
   453 | D:1      | Reached XP level 2. HP: 4/26 MP: 3/3
  1475 | D:2      | Reached * piety under Lugonu
  1475 | D:2      | Reached XP level 3. HP: 31/31 MP: 4/4
  1947 | D:2      | Found a shadowy altar of Dithmenos.
  2232 | D:2      | Noticed Sigmund
  2268 | D:2      | Slain by Sigmund

Skill      XL: |  1  2  3 |
---------------+----------+-----
Axes           | 2 |  2.1
Armour         | 2 |  2.2
Fighting       | |  3.5
Dodging        | |  0.7
Invocations    | |  2.6

Action                   || total
-------------------------++-------
Melee: Hand axe          ||    96
       Kick              ||     9
Invok: Depart the Abyss  ||     1
  Use: Scroll            ||     8
       Potion            ||     2
  Eat: Chunk             ||     3
Armor: Leather armour    ||    16
       Chain mail        ||    56
Dodge: Dodged            ||    37
